 Dungeon Crawl Stone Soup version 0.30.0-5-g1a98f26d00 (webtiles) character file.

Game seed: 18340647633163458171

355306 backslashecho the Hoplite (level 22, -9/174 HPs)
             Began as a Hill Orc Fighter on May 11, 2023.
             Was the Champion of Kikubaaqudgha.
             Killed by divine providence
             ... invoked by a living spell
             ... summoned by a walking divine tome
              (12 damage)
             ... on level 3 of the Depths on May 12, 2023.
             The game lasted 02:34:46 (50904 turns).

backslashecho the Hoplite (Hill Orc Fighter)       Turns: 50904, Time: 02:34:47

Health: -9/174     AC: 41    Str: 28    XL:     22   Next: 32%
Magic:  28/28      EV:  8    Int: 11    God:    Kikubaaqudgha [******]
Gold:   1714       SH: 30    Dex: 10    Spells: 16/29 levels left

rFire   + . .        b - +4 broad axe (heavy)
rCold   + + .        u - +10 tower shield of Ignorance {rN+ Int-4}
rNeg    + + .        X - +5 crystal plate armour {rC+}
rPois   +            v - +2 helmet
rElec   +            N - scarf {rC+ rF+}
rCorr   .            A - +0 pair of gloves {Stlth+}
SInv    +            L - +1 pair of boots
Will    +++++        I - amulet of the Four Winds {rN+ Will+++ Clar} Stlth
                     m - ring of the Summoning Gods {rElec rPois Str-2 Int+7 SInv}
HPRegen 0.49/turn    r - ring "Lueniap" {Will+ Slay+2 Stlth+}
MPRegen 0.21/turn

%: clarity
@: no status effects
A: frail 1
}: 2/15 runes: serpentine, barnacled
a: Renounce Religion, Unearth Wretches, Torment


You were on level 3 of the Depths.
You worshipped Kikubaaqudgha.
Kikubaaqudgha was exalted by your worship.
You visited 7 branches of the dungeon, and saw 37 of its levels.
You also visited: Sewer, Bailey, Ice Cave, Volcano and Wizlab.

You collected 5832 gold pieces.
You spent 4118 gold pieces at shops.

Inventory:

Hand Weapons
 a - a +9 broad axe of pain
 b - a +4 heavy broad axe (weapon)
Missiles
 t - 4 throwing nets
 w - 43 poisoned darts
 P - 19 javelins (quivered)
 S - 5 curare-tipped darts
Armour
 u - the +10 tower shield of Ignorance (worn) {rN+ Int-4}
   (You acquired it on level 1 of the Orcish Mines)

   Int:       It affects your intelligence (-4).
   rN:        It protects you from negative energy.
 v - a +2 helmet (worn)
 A - a +0 pair of gloves of stealth (worn)
 L - a +1 pair of boots (worn)
 N - a scarf of resistance (worn)
 X - a +5 crystal plate armour of cold resistance (worn)
Jewellery
 m - the ring of the Summoning Gods (left hand) {rElec rPois Str-2 Int+7 SInv}
   (You bought it in a shop on level 2 of the Depths)

   [ring of see invisible]

   Str:       It affects your strength (-2).
   Int:       It affects your intelligence (+7).
   rElec:     It insulates you from electricity.
   rPois:     It protects you from poison.
   SInv:      It lets you see invisible.
 n - a ring of resist corrosion
 r - the ring "Lueniap" (right hand) {Will+ Slay+2 Stlth+}
   (You found it on level 2 of the Vaults)

   [ring of willpower]

   Slay:      It affects your accuracy & damage with ranged weapons and melee
   (+2).
   Will:      It increases your willpower.
   Stlth:     It makes you more stealthy.
 D - the ring of Ykha {+Blink rF+ AC+4 Str-2}
   (You found it on level 10 of the Dungeon)

   [ring of protection]

   AC:        It affects your AC (+4).
   Str:       It affects your strength (-2).
   rF:        It protects you from fire.
   +Blink:    It lets you blink.
 G - a ring of protection from cold
 I - the amulet of the Four Winds (around neck) {rN+ Will+++ Clar}
   (You took it off a spriggan defender on level 3 of the Depths)

   [amulet of nothing]

   rN:        It protects you from negative energy.
   Clar:      It protects you from confusion, rage, mesmerisation and fear.
   Will:      It greatly increases your willpower.
 Q - a ring of flight
Wands
 i - a wand of iceblast (18)
 p - a wand of quicksilver (3)
 C - a wand of flame (35)
 F - a wand of paralysis (24)
 K - a wand of digging (5)
Scrolls
 h - 8 scrolls of poison
 l - 7 scrolls of teleportation
 s - 10 scrolls of fog
 z - 8 scrolls of blinking
 V - 4 scrolls of fear
 W - 4 scrolls of magic mapping
 Y - 3 scrolls of silence
Potions
 g - 6 potions of might
 k - 9 potions of curing
 o - 10 potions of mutation
 q - 3 potions of flight
 B - 2 potions of cancellation
 E - 2 potions of resistance
 M - 7 potions of haste
 O - 5 potions of magic
 R - 7 potions of heal wounds
 Z - 4 potions of berserk rage
Miscellaneous
 x - a box of beasts
 J - a lightning rod (4/4)
 U - a phantom mirror


   Skills:
 * Level 15.9 Fighting
 - Level 18.0 Axes
 - Level 21.0 Armour
 - Level 5.0 Dodging
 - Level 21.0 Shields
 - Level 1.0 Unarmed Combat
 - Level 4.0 Spellcasting
 + Level 18.7 Necromancy
 + Level 5.9 Translocations
 - Level 9.0 Evocations


You had 16 spell levels left.
You knew the following spells:

 Your Spells              Type           Power      Damage    Failure   Level
a - Vampiric Draining     Necr           43%        2d9       1%          3
b - Agony                 Necr           43%        N/A       4%          5
c - Apportation           Tloc           30%        N/A       32%         1
d - Dispel Undead         Necr           43%        3d17      1%          4

Your spell library contained the following spells:

 Spells                   Type           Power      Damage    Failure   Level
 Necrotise                Necr           100%       1d9       1%          1
 Sublimation of Blood     Necr           43%        N/A       1%          2
 Animate Dead             Necr           43%        N/A       1%          4
 Kiss of Death            Conj/Necr      88%        2d12      8%          1
 Death Channel            Necr           21%        N/A       26%         6
 Cigotuvi's Dreadful Rot  Necr/Pois/Air  30%        N/A       41%         2
 Lesser Beckoning         Tloc           30%        N/A       43%         2
 Anguish                  Hex/Necr       11%        N/A       61%         4
 Gell's Gravitas          Tloc           15%        N/A       67%         3
 Teleport Other           Tloc           15%        N/A       67%         3
 Borgnjor's Vile Clutch   Necr/Erth      11%        N/A       91%         5
 Vhi's Electric Charge    Tloc/Air       16%        N/A       97%         3
 Manifold Assault         Tloc           15%        N/A       97%         4
 Foxfire                  Conj/Fire      8%         2x1d4     98%         1
 Magic Dart               Conj           8%         1d3       98%         1
 Shock                    Conj/Air       8%         1d3       98%         1
 Summon Small Mammal      Summ           8%         N/A       98%         1
 Call Imp                 Summ           4%         N/A       99%         2
 Ensorcelled Hibernation  Hex/Ice        4%         N/A       99%         2
 Passwall                 Tmut/Erth      1%         N/A       99%         2
 Searing Ray              Conj           4%         2d4       99%         2
 Hailstorm                Conj/Ice       2%         3d3       100%        3
 Ignite Poison            Fire/Tmut/Pois 2%         N/A       100%        3
 Mephitic Cloud           Conj/Pois/Air  2%         N/A       100%        3
 Spider Form              Tmut/Pois      2%         N/A       100%        3
 Swiftness                Air            2%         N/A       100%        3
 Airstrike                Air            1%         2d(1-17)  100%        4
 Cause Fear               Hex            1%         N/A       100%        4
 Fulminant Prism          Conj/Hex       1%         3d5       100%        4
 Ice Form                 Ice/Tmut       2%         N/A       100%        4
 Alistair's Intoxication  Tmut/Pois      1%         N/A       100%        5
 Fireball                 Conj/Fire      1%         3d3       100%        5
 Freezing Cloud           Conj/Ice/Air   1%         6-21      100%        5
 Conjure Ball Lightning   Conj/Air       1%         3x3d6     100%        6
 Dispersal                Tloc           7%         N/A       100%        6
 Eringya's Noxious Bog    Tmut/Pois      1%         N/A       100%        6
 Plasma Beam              Fire/Air       1%         2x1d12    100%        6
 Simulacrum               Ice/Necr       11%        N/A       100%        6
 Starburst                Conj/Fire      1%         6d3       100%        6
 Enfeeble                 Hex            1%         N/A       100%        7
 Storm Form               Tmut/Air       1%         N/A       100%        7
 Disjunction              Tloc           7%         N/A       100%        8


Dungeon Overview and Level Annotations

Branches:
Dungeon (15/15)            Temple (0/1) D:5            Lair (5/5) D:11
 Shoals (4/4) Lair:2        Snake (4/4) Lair:2        Slime (0/5) Lair:4
    Orc (2/2) D:12            Elf (0/3) Orc:2        Vaults (4/5) D:13
  Crypt (0/3) Vaults:2     Depths (3/4) D:15          Sewer (visited)
 Bailey (visited)           IceCv (visited)         Volcano (visited)
 WizLab (visited)

Altars:
Ashenzari
Dithmenos
Elyvilon
Kikubaaqudgha
Okawaru
Qazlal
Ru
Vehumet
Wu Jian
Xom
Beogh
Jiyva

Shops:
D:6 :   Orc:2 ?(*=?   Shoals:3 (   Snake:2 (=   Snake:3 =?   Vaults:1 (
Vaults:3 !:![   Depths:2 [=[=

Portals:
Hell: Depths:1 Depths:2
Abyss: Depths:1 Depths:3
Pandemonium: Depths:2
Ziggurat: Depths:1

Annotations:
D:10 exclusions: door and wizard
Lair:1 1 runed translucent door, Sammaje's ghost, novice MiBe
Lair:4 exclusion: 3 oklob plants
Lair:5 exclusion: 3 doors
Shoals:1 Roxanne
Vaults:4 3 runed translucent doors, DizzySkin's ghost, veteran MiBe; Strat's ghost, adept OgDe; deprived's ghost, veteran HOFi; handsome's ghost, veteran OpWn


Innate Abilities, Weirdness & Mutations

You are frail. (-10% HP)


Message History

The walking divine tome erupts in a flurry of living spells!
The living spell casts itself at you. Something smites you!
* * * LOW HITPOINT WARNING * * *
The living spell casts itself at you. Something smites you!
* * * LOW HITPOINT WARNING * * *
You see here a titan corpse.
You take 22 damage, and have 33/174 hp.
You slice the walking divine tome!!
The walking divine tome is moderately damaged.
You slice the living spell!!
You destroy the living spell!
You slice the walking divine tome!!
The walking divine tome is heavily damaged.
The walking divine tome erupts in a flurry of living spells!
The living spell casts itself at you. Something smites you!
* * * LOW HITPOINT WARNING * * *
You take 7 damage, and have 27/174 hp.
Aiming: Iceblast
Press: ? - help, Shift-Dir - straight line The mass of ice explodes!
The iceblast engulfs the living spell!!!
You destroy the living spell!
The iceblast engulfs the living spell!!
You destroy the living spell!
You block the walking divine tome's attack.
The living spell casts itself at you. Something smites you!
* * * LOW HITPOINT WARNING * * *
You take 14 damage, and have 13/174 hp.
b - a +4 heavy broad axe (weapon)
You block the walking divine tome's attack.
You slash the walking divine tome!
The walking divine tome is severely damaged.
You slice the stone giant!! You block the stone giant's attack.
The walking divine tome erupts in a flurry of living spells!
You hit the walking divine tome.
The walking divine tome is severely damaged.
You slash the stone giant!
You block the walking divine tome's attack.
You block the stone giant's attack. The living spell casts itself at you.
Something smites you!
* * * LOW HITPOINT WARNING * * *
The living spell casts itself at you. Something smites you!
You die...
Kikubaaqudgha rasps: "You have failed me!
Welcome... death!"

..###...####..'####§##.# ...
#.. #~~...~~##....# #).#.#....
#. .#~..♣..~##....###....#....
#............[)[..#...~~......
.....♣._.†...[.....~~~~......
............#.....≈≈≈~≈≈≈....
####~..♣..~###....≈#≈~≈#≈~...
#~~...~~# #..†~≈≈≈[≈≈≈~...
###...### #.@~~~~(<†~~~~..
#...## #C;~~≈≈≈~≈≈≈~~.. #.##
#...~≈#≈~≈#≈~... #.
##.*..≈≈≈~≈≈≈....
#.......~~~......
#........~~......
#.[........##.... #∩.<......##
... #......#


You could see a walking divine tome, a stone giant and a living smiting
commandment (summoned).

Vanquished Creatures
  2 juggernauts (Depths:2)
  Frederick (Vaults:3)
  Bai Suzhen (Depths:1)
  Margery (Depths:1)
  Vashnia (Snake:4)
  A caustic shrike (Depths:3)
  Nikola (Depths:2)
  4 golden dragons
  Mlioglotl (Snake:1)
  Zenata (Vaults:2)
  4 tentacled monstrosities
  A quicksilver dragon (Depths:3)
  A walking earthen tome (Depths:3)
  A lich (Depths:2)
  2 titans
  2 krakens (Shoals:3)
  Frances (Snake:2)
  Polyphemus (Shoals:3)
  2 tengu reavers
  2 storm dragons
  2 sphinxes
  4 nagarajas
  2 iron dragons (Depths:3)
  8 fire giants
  10 frost giants
  An emperor scorpion (D:15)
  4 orc warlords
  2 vault wardens (Vaults:4)
  5 spriggan defenders
  9 ironbound preservers
  3 ironbound thunderhulks
  A quicksilver ooze (Vaults:1)
  2 vampire knights (Depths:2)
  6 very ugly things
  19 stone giants
  A deep elf demonologist (Shoals:1)
  7 dire elephants
  The ghost of Hiywul the Fighter, a journeyman MiHu of Trog (Lair:4)
  3 spark wasps
  A white draconian (IceCv)
  7 fire dragons
  A deep elf death mage (Shoals:1)
  2 merfolk javelineers (Shoals:4)
  5 ettins
  5 merfolk impalers
  Snorg (Lair:3)
  2 jiangshi (Depths:1)
  7 yaktaur captains
  6 ice dragons
  5 great orbs of eyes
  3 rakshasas
  5 spriggan air magi
  2 peacekeepers
  5 salamander tyrants
  4 hydras
  11 ironbound frosthearts
  12 anacondas
  An ogre mage (D:15)
  3 merfolk avatars
  A death knight (D:13)
  10 two-headed ogres
  5 merfolk aquamancers
  9 death yaks
  3 boulder beetles
  3 catoblepae
  5 centaur warriors
  10 naga warriors
  2 alligator snapping turtles
  8 deep troll shamans
  3 satyrs
  A vampire mage (Depths:1)
  7 deep troll earth magi
  5 tengu warriors
  18 naga sharpshooters
  5 shock serpents
  7 spriggan berserkers
  6 orc high priests
  8 hell knights
  2 deep elf knights
  3 skysharks
  9 skeletal warriors
  2 iron trolls (Depths:3)
  7 salamander mystics
  13 sea snakes
  38 deep trolls
  8 glowing orange brains
  A flayed ghost (Depths:2)
  7 naga ritualists
  13 ironbound convokers
  14 lindwurms
  A shadow demon (Depths:2)
  19 harpies
  3 wizards
  A deep elf archer (Shoals:1)
  11 orc knights
  A necromancer (Depths:2)
  5 phantasmal warriors
  A wolf spider (D:10)
  The ghost of NinjaNoafa the Covert, a novice VSFE of Wu Jian (D:6)
  A deep elf zephyrmancer (Shoals:1)
  11 mana vipers
  26 ugly things
  11 fauns
  2 deep elf pyromancers
  7 cyclopes
  6 manticores
  10 elephants
  19 salamanders
  6 vault sentinels
  2 ice statues (IceCv)
  29 black mambas
  5 merfolk sirens
  8 cane toads
  An orange demon (Depths:2)
  2 gargoyles
  6 guardian serpents
  15 naga magi
  Joseph (D:10)
  3 water nymphs
  6 rime drakes
  3 smoke demons (Volcano)
  2 tengu conjurers
  13 komodo dragons
  5 kobold demonologists (D:13)
  A freezing wraith (D:12)
  18 yaktaurs
  A hellwing (Depths:2)
  5 harpy zombies (Shoals:3)
  23 merfolk
  A polar bear (Lair:4)
  3 trolls
  8 wind drakes
  7 snapping turtles
  21 blink frogs
  14 dream sheep
  2 raiju (shapeshifter)
  16 slime creatures
  2 air elementals
  7 water elementals
  2 shadows
  43 yaks
  4 wyverns
  A spriggan (D:7)
  A wraith (D:10)
  A ynoxinul (Depths:2)
  8 basilisks
  6 steam dragons
  8 vampire mosquitoes
  Menkaure (D:7)
  31 nagas
  2 swamp worms (Lair:3)
  10 wargs
  A two-headed ogre zombie (D:12)
  4 hell hounds
  11 water moccasins
  Pargi (Sewer)
  A manticore zombie (Shoals:3)
  29 orc warriors
  9 ogres
  19 wolves
  3 boggarts (Vaults:1)
  9 centaurs
  3 phantoms
  20 bullfrogs
  3 kobold brigands
  8 gnoll sergeants (Bailey)
  A bullfrog (shapeshifter) (Depths:2)
  3 scorpions
  A troll zombie (D:12)
  2 lindwurm simulacra (IceCv)
  27 killer bees
  A howler monkey (D:5)
  3 jellies
  4 komodo dragon simulacra (IceCv)
  7 gnoll boudas
  5 hounds
  39 orc priests
  3 sleepcaps
  4 iguanas
  20 orc wizards
  6 ogre zombies (D:12)
  12 gnolls (Bailey)
  7 acid dragon simulacra (IceCv)
  10 adders
  A white imp (D:6)
  3 ufetubi
  8 steam dragon simulacra (IceCv)
  3 worms
  A dart slug (D:5)
  97 orcs
  6 ball pythons
  8 endoplasms
  5 giant cockroaches
  5 goblins
  18 hobgoblins
  2 jackals (D:1)
  4 quokkas
  5 bats
  9 frilled lizards
  4 goblin zombies (D:12)
  2 hobgoblin skeletons (D:12)
  6 hobgoblin zombies (D:12)
  12 kobolds
  An orc skeleton (D:12)
  12 orc zombies (D:12)
  4 rats
  8 tentacles (Shoals:3)
1432 creatures vanquished.

Vanquished Creatures (collateral kills)
  A stone giant (D:10)
  A rakshasa (Depths:2)
  A spriggan air mage (Depths:2)
  A centaur warrior (D:10)
  A deep troll earth mage (Depths:2)
5 creatures vanquished.

Vanquished Creatures (others)
  A lich (D:15)
  Aizul (Snake:4)
  A fire giant (Depths:2)
  A fire dragon (Depths:1)
  A vault guard (Vaults:4)
  A sixfirhy (Depths:2)
  A manticore (Shoals:4)
  2 merfolk (Shoals:4)
  An air elemental (WizLab)
  A quokka (Depths:3)
  20 tentacles (Shoals:3)
31 creatures vanquished.

Grand Total: 1468 creatures vanquished

Notes
Turn   | Place    | Note
-------+----------+-------------------------------------------
     0 | D:1      | backslashecho the Hill Orc Fighter began the quest for the
                  | Orb.
     0 | D:1      | Reached XP level 1. HP: 19/19 MP: 1/1
   247 | D:1      | Reached XP level 2. HP: 27/27 MP: 2/2
   297 | D:1      | Reached skill level 1 in Unarmed Combat
   866 | D:2      | Reached XP level 3. HP: 31/33 MP: 3/3
  1230 | D:2      | Reached XP level 4. HP: 40/40 MP: 4/4
  1463 | D:3      | Found a faded altar of an unknown god.
  1471 | D:3      | Prayed at the altar of an unknown god.
  1471 | D:3      | Became a worshipper of Kikubaaqudgha
  1471 | D:3      | Reached * piety under Kikubaaqudgha
  1471 | D:3      | Received a gift from Kikubaaqudgha
  1892 | D:3      | Reached XP level 5. HP: 37/47 MP: 5/5
  2043 | D:3      | Found a shimmering altar of Xom.
  2319 | D:4      | Noticed an ogre
  2324 | D:4      | Killed an ogre
  2325 | D:4      | Reached skill level 5 in Fighting
  2325 | D:4      | Reached skill level 1 in Necromancy
  2349 | D:4      | Reached XP level 6. HP: 56/56 MP: 6/6
  2437 | D:4      | Reached skill level 5 in Shields
  2562 | D:3      | Reached ** piety under Kikubaaqudgha
  2880 | D:4      | Reached skill level 5 in Axes
  3227 | D:5      | Entered Level 5 of the Dungeon
  3330 | D:5      | Found a glowing drain.
  3339 | Sewer    | Entered a sewer
  3362 | Sewer    | Noticed Pargi
  3379 | Sewer    | Killed Pargi
  3380 | Sewer    | Reached XP level 7. HP: 51/61 MP: 7/7
  4268 | D:5      | Reached skill level 5 in Armour
  4292 | D:5      | Found a staircase to the Ecumenical Temple.
  4344 | D:5      | Reached XP level 8. HP: 27/68 MP: 8/8
  4792 | D:6      | Found Myocku Dytu's Tiny Tomes.
  4869 | D:6      | Noticed NinjaNoafa's ghost (novice VSFE)
  5190 | D:6      | Found a runed translucent gate.
  5190 | D:6      | Found a runed translucent gate.
  5191 | D:6      | Found a runed translucent gate.
  5277 | D:6      | Killed NinjaNoafa's ghost
  5278 | D:6      | Reached XP level 9. HP: 55/74 MP: 9/9
  5313 | D:6      | Identified a scroll of acquirement
  5320 | D:6      | Acquired the amulet "Deotseon" {Spirit rPois Int+4}
  6025 | D:7      | Reached skill level 5 in Necromancy
  6088 | D:7      | Reached skill level 10 in Axes
  6243 | D:7      | Noticed Menkaure
  6253 | D:7      | Killed Menkaure
  6324 | D:7      | Reached *** piety under Kikubaaqudgha
  6324 | D:7      | Received a gift from Kikubaaqudgha
  6539 | D:7      | Found an ornate altar of the Wu Jian Council.
  6539 | D:7      | Found a broken altar of Ashenzari.
  6888 | D:8      | Found a stormy altar of Qazlal.
  7040 | D:8      | Found a white marble altar of Elyvilon.
  7199 | D:8      | Reached XP level 10. HP: 31/81 MP: 10/10
  7671 | D:9      | Found a flagged portal.
  7675 | Bailey   | Entered a bailey
  8075 | Bailey   | Reached **** piety under Kikubaaqudgha
  8124 | Bailey   | Reached skill level 10 in Armour
  8345 | Bailey   | Found the +10 dark maul {heavy}
  8346 | Bailey   | Identified the ring of the Mashing Gods {Fly rF+ Str-5
                  | Dex+4}
  8585 | D:9      | Noticed a two-headed ogre
  8604 | D:9      | Noticed a two-headed ogre
  8610 | D:9      | Killed a two-headed ogre
  8641 | D:9      | Noticed a two-headed ogre
  8665 | D:9      | Killed a two-headed ogre
  8666 | D:9      | Reached XP level 11. HP: 30/86 MP: 5/11
  8670 | D:9      | Killed a two-headed ogre
  9562 | D:10     | Entered Level 10 of the Dungeon
  9802 | D:10     | Reached ***** piety under Kikubaaqudgha
  9925 | D:10     | Noticed Joseph
  9943 | D:10     | Killed Joseph
 10185 | D:10     | Noticed a wizard
 10185 | D:10     | You fall into a shaft and drop 2 floors!
 10208 | D:12     | Noticed a manticore
 10412 | D:10     | Identified the +2 war axe of Responsibility {heavy, rCorr
                  | Int+5}
 10570 | D:10     | Noticed a manticore
 10579 | D:10     | Killed a manticore
 10580 | D:10     | Reached skill level 15 in Axes
 10602 | D:10     | Noticed a deep elf pyromancer
 10901 | D:10     | Killed a deep elf pyromancer
 11030 | D:10     | Noticed a centaur warrior
 11030 | D:10     | Noticed a stone giant
 11042 | D:10     | Killed a centaur warrior
 11043 | D:10     | Reached XP level 12. HP: 94/94 MP: 12/12
 11050 | D:10     | Killed a stone giant
 11055 | D:10     | Noticed a deep elf knight
 11066 | D:10     | Killed a deep elf knight
 11078 | D:10     | Identified the ring of Ykha {+Blink rF+ AC+4 Str-2}
 11516 | D:11     | Found a staircase to the Lair.
 12032 | D:12     | Noticed a two-headed ogre
 12268 | D:12     | Found a staircase to the Orcish Mines.
 12329 | D:12     | Killed a two-headed ogre
 13263 | Orc:1    | Entered Level 1 of the Orcish Mines
 13507 | Orc:1    | Reached XP level 13. HP: 99/100 MP: 13/13
 13507 | Orc:1    | Reached ****** piety under Kikubaaqudgha
 13641 | Orc:1    | Noticed an orc warlord
 13900 | D:12     | Killed an orc warlord
 13933 | D:12     | Identified a +2 broad axe of pain (a +0 broad axe bloodied
                  | by Kikubaaqudgha)
 13933 | D:12     | Received a gift from Kikubaaqudgha
 14269 | Lair:1   | Entered Level 1 of the Lair of Beasts
 14515 | Lair:1   | Reached skill level 10 in Necromancy
 14983 | Lair:1   | Found a runed translucent door.
 14987 | Lair:1   | Reached skill level 1 in Evocations
 15024 | Lair:1   | Noticed Sammaje's ghost (novice MiBe)
 16081 | Lair:2   | Found a staircase to the Snake Pit.
 16289 | Lair:2   | Found a staircase to the Shoals.
 16699 | Lair:2   | Reached skill level 5 in Evocations
 16952 | Lair:3   | Noticed Snorg
 16974 | Lair:3   | Killed Snorg
 17427 | Lair:3   | Reached XP level 14. HP: 98/114 MP: 12/14
 18241 | Lair:4   | Found a dark tunnel.
 18261 | Volcano  | Entered a volcano
 18593 | Volcano  | Reached skill level 1 in Dodging
 18965 | Lair:4   | Found a runed translucent door.
 18970 | Lair:4   | Noticed Hiywul's ghost (journeyman MiHu)
 19484 | Lair:4   | Found a viscous altar of Jiyva.
 20086 | Lair:4   | Killed Hiywul's ghost
 20254 | Lair:5   | Entered Level 5 of the Lair of Beasts
 20887 | Lair:5   | Found a frozen archway.
 20896 | IceCv    | Entered an ice cave
 20995 | IceCv    | Reached skill level 5 in Dodging
 21173 | IceCv    | Noticed a white draconian
 21198 | IceCv    | Killed a white draconian
 21199 | IceCv    | Reached skill level 15 in Armour
 21471 | IceCv    | Got the Book of Inhalation
 22237 | Lair:5   | Noticed a dire elephant
 22237 | Lair:5   | Noticed a dire elephant
 22237 | Lair:5   | Noticed a dire elephant
 22237 | Lair:5   | Noticed a dire elephant
 22646 | Orc:2    | Entered Level 2 of the Orcish Mines
 22782 | Orc:2    | Reached XP level 15. HP: 109/124 MP: 12/15
 23163 | Orc:1    | Acquired the +10 tower shield of Ignorance {rN+ Int-4}
 23163 | Orc:1    | Found the +10 tower shield of Ignorance {rN+ Int-4}
 23755 | Orc:2    | Found a staircase to the Elven Halls.
 23801 | Orc:2    | Found Etamix's Magic Scroll Boutique.
 23832 | Orc:2    | Bought a scroll of blinking for 112 gold pieces
 23832 | Orc:2    | Bought a scroll of enchant weapon for 112 gold pieces
 23882 | Orc:2    | Found a roughly hewn altar of Beogh.
 24227 | Orc:2    | Found a roughly hewn altar of Beogh.
 24238 | Orc:2    | Found Uludu's Jewellery Boutique.
 24238 | Orc:2    | Found Postaos's Magic Scroll Emporium.
 24279 | Orc:2    | Found Tophud's Weapon Boutique.
 24279 | Orc:2    | Found Dyoneafatti's Assorted Antiques.
 24293 | Orc:2    | Bought a dazzling cloak for 313 gold pieces
 24293 | Orc:2    | Identified the +1 cloak of Dithmenos's Vengeance {Will+}
                  | (You bought it in a shop on level 2 of the Orcish Mines)
 24337 | Orc:2    | Bought an amulet of regeneration for 390 gold pieces
 24337 | Orc:2    | Bought the ring "Zyfuzxa" {rPois Will+} for 470 gold pieces
 24362 | Orc:2    | Bought 3 scrolls of enchant weapon for 315 gold pieces
 24362 | Orc:2    | Bought a scroll of blinking for 105 gold pieces
 24362 | Orc:2    | Bought a scroll of enchant armour for 105 gold pieces
 24362 | Orc:2    | Bought a scroll of magic mapping for 105 gold pieces
 24401 | Orc:2    | Gained mutation: You are frail. (-10% HP) [a neqoxec]
 24519 | Orc:2    | Bought 2 scrolls of silence for 285 gold pieces
 24519 | Orc:2    | Bought a scroll of magic mapping for 112 gold pieces
 24519 | Orc:2    | Bought a scroll of magic mapping for 112 gold pieces
 24519 | Orc:2    | Bought a scroll of fog for 60 gold pieces
 24519 | Orc:2    | Bought a scroll of teleportation for 45 gold pieces
 24519 | Orc:2    | Bought a scroll of enchant armour for 112 gold pieces
 25557 | D:13     | Found a sacrificial altar of Ru.
 25759 | D:13     | Found a gate to the Vaults.
 25957 | D:13     | Reached skill level 10 in Shields
 26337 | D:14     | Found a radiant altar of Vehumet.
 27164 | D:15     | Entered Level 15 of the Dungeon
 27222 | D:15     | Found a staircase to the Depths.
 27225 | D:15     | Noticed an emperor scorpion
 27243 | D:15     | Killed an emperor scorpion
 27346 | D:15     | Reached XP level 16. HP: 96/118 MP: 16/16
 28114 | Snake:1  | Entered Level 1 of the Snake Pit
 29798 | Snake:2  | Noticed Frances
 29829 | Snake:2  | Killed Frances
 29835 | Snake:2  | Noticed Mlioglotl
 29964 | Snake:1  | Noticed a tentacled starspawn
 29967 | Snake:1  | Killed Mlioglotl
 30565 | Snake:2  | You fall into a shaft and drop 1 floor!
 30943 | Snake:2  | Found Xacot's Jewellery Shop.
 31025 | Snake:3  | Found Bafof's Jewellery Boutique.
 31090 | Snake:2  | Found Asiadeoc's Weapon Boutique.
 31573 | Snake:3  | Found Ukhix's Magic Scroll Shoppe.
 31578 | Snake:3  | Bought a scroll of blinking for 142 gold pieces
 31982 | Snake:3  | Reached XP level 17. HP: 122/123 MP: 17/17
 32361 | Snake:4  | Entered Level 4 of the Snake Pit
 32788 | Snake:4  | Reached skill level 15 in Shields
 33039 | Snake:4  | Noticed Aizul
 33060 | Snake:4  | Killed Aizul
 33582 | Snake:4  | Learned a level 3 spell: Vampiric Draining
 33588 | Snake:4  | Learned a level 5 spell: Agony
 33590 | Snake:4  | Learned a level 1 spell: Apportation
 33799 | Snake:4  | Learned a level 4 spell: Dispel Undead
 33925 | Snake:4  | Reached skill level 1 in Spellcasting
 34104 | Snake:4  | Noticed Vashnia
 34391 | Snake:4  | Killed Vashnia
 34743 | Shoals:1 | Entered Level 1 of the Shoals
 34747 | Shoals:1 | Reached XP level 18. HP: 130/130 MP: 21/21
 34755 | Shoals:1 | Noticed Roxanne
 37220 | Shoals:3 | Found Zaosoh's Weapon Emporium.
 37229 | Shoals:3 | Bought a throwing net for 48 gold pieces
 37283 | Shoals:3 | Noticed Polyphemus
 37302 | Shoals:3 | Killed Polyphemus
 37439 | Shoals:3 | Reached skill level 15 in Necromancy
 37439 | Shoals:3 | Identified the +2 ring mail of the Zebra {Harm rCorr}
 37940 | Shoals:4 | Entered Level 4 of the Shoals
 38733 | Shoals:4 | Reached XP level 19. HP: 123/135 MP: 25/25
 38761 | Shoals:4 | HP: 1/135 [water nymph/the raging water (24)]
 39188 | Shoals:4 | Got a barnacled rune of Zot
 39456 | Snake:4  | Got a serpentine rune of Zot
 39745 | Vaults:1 | Entered Level 1 of the Vaults
 40222 | Vaults:1 | Found a runed translucent door.
 40538 | Vaults:1 | Found Wuwintim's Weapon Emporium.
 40696 | Vaults:1 | You fall into a shaft and drop 1 floor!
 40738 | Vaults:2 | Identified the +6 scale mail of Raliwargh {*Corrode rPois
                  | Str+3 Int+6}
 41112 | Vaults:2 | Noticed Zenata
 41473 | Vaults:2 | Killed Zenata
 41813 | Vaults:2 | Found a staircase to the Crypt.
 42116 | Vaults:2 | Identified the ring "Lueniap" {Will+ Slay+2 Stlth+}
 42639 | Vaults:3 | Noticed Frederick
 42900 | Vaults:3 | Found Fiodiahi's Distillery.
 43649 | Vaults:3 | Found Hacvu Eshrec's Distillery.
 43655 | Vaults:3 | Found Karch's Book Shop.
 43664 | Vaults:3 | Bought a potion of haste for 180 gold pieces
 43803 | Vaults:3 | Identified the +3 sling "Killer Bee's Foe" {heavy, rPois
                  | rC+ rN+}
 43831 | Vaults:3 | Identified the +6 hand axe of the Solstice {vamp, Will+++
                  | Str-2 Dex-2 Stlth+}
 43994 | Vaults:3 | Reached XP level 20. HP: 124/142 MP: 26/26
 43996 | Vaults:3 | Found Redwyn's Antique Armour Shoppe.
 44391 | Vaults:3 | Killed Frederick
 44408 | Vaults:3 | Bought 2 potions of haste for 240 gold pieces
 44878 | Vaults:3 | Bought 2 potions of might for 96 gold pieces
 44878 | Vaults:3 | Bought a potion of might for 48 gold pieces
 45523 | Vaults:4 | Found a runed translucent gate.
 45523 | Vaults:4 | Found a runed translucent gate.
 45523 | Vaults:4 | Found a runed translucent gate.
 45523 | Vaults:4 | Noticed Strat's ghost (adept OgDe)
 45523 | Vaults:4 | Noticed handsome's ghost (veteran OpWn)
 45523 | Vaults:4 | Noticed deprived's ghost (veteran HOFi)
 45524 | Vaults:4 | Noticed DizzySkin's ghost (veteran MiBe)
 46289 | Depths:1 | Entered Level 1 of the Depths
 46456 | Depths:1 | Found a one-way gateway to a ziggurat.
 46484 | Depths:1 | Reached skill level 1 in Translocations
 46559 | Depths:1 | Found a shadowy altar of Dithmenos.
 46561 | Depths:1 | Noticed Margery
 46608 | Depths:1 | Found a detected altar.
 46632 | D:15     | Acquired 521 gold pieces
 46667 | Depths:1 | Killed Margery
 46754 | Depths:1 | Found a gateway to Hell.
 46823 | Depths:1 | Found a one-way gate to the infinite horrors of the Abyss.
 46868 | Depths:1 | Found a magical portal.
 46876 | WizLab   | Entered The Chambers of the Cloud Mage
 46883 | WizLab   | Paralysed by an air elemental for 1 turns
 46887 | WizLab   | Paralysed by an air elemental for 1 turns
 46892 | WizLab   | Paralysed by an air elemental for 1 turns
 46901 | WizLab   | Paralysed by an air elemental for 1 turns
 47165 | Depths:1 | Noticed Bai Suzhen
 47184 | Depths:1 | Killed Bai Suzhen
 47185 | Depths:1 | Reached skill level 10 in Fighting
 47643 | Depths:2 | Found Retwoygh's Jewellery Shop.
 47643 | Depths:2 | Found Asaphun's Jewellery Shoppe.
 47643 | Depths:2 | Found Viguhyof's Antique Armour Shoppe.
 47644 | Depths:2 | Noticed a juggernaut
 47648 | Depths:2 | Noticed Nikola
 47664 | Depths:2 | Killed Nikola
 47712 | Depths:2 | Identified the +7 flail "Mynkoi" {flame, Int+2}
 48009 | Depths:2 | Found a one-way gate leading to the halls of Pandemonium.
 48323 | Depths:2 | Reached XP level 21. HP: 55/152 MP: 27/27
 48453 | Depths:2 | Killed a juggernaut
 49083 | Depths:2 | Identified the +5 spear of Optimality {flame, Fly Dex+4}
 49106 | Depths:2 | Found Idyhir's Armour Boutique.
 49126 | Depths:2 | Bought the ring of the Summoning Gods {rElec rPois Str-2
                  | Int+7 SInv} for 611 gold pieces
 49205 | Depths:2 | Noticed a juggernaut
 49218 | Depths:2 | Killed a juggernaut
 49268 | Depths:2 | Noticed a golden dragon
 49281 | Depths:2 | Killed a golden dragon
 49301 | Depths:2 | Noticed a golden dragon
 49310 | Depths:2 | Killed a golden dragon
 49840 | Depths:3 | Noticed a golden dragon
 49849 | Depths:3 | Killed a golden dragon
 49926 | Depths:3 | Noticed a caustic shrike
 49935 | Depths:3 | Noticed a golden dragon
 49947 | Depths:3 | Noticed a golden dragon
 50085 | Depths:3 | Found a white marble altar of Elyvilon.
 50107 | Depths:3 | Killed a caustic shrike
 50137 | Depths:3 | Reached skill level 5 in Translocations
 50146 | Depths:3 | Reached XP level 22. HP: 63/171 MP: 28/28
 50286 | Depths:3 | Killed a golden dragon
 50287 | Depths:3 | Reached skill level 15 in Fighting
 50343 | Depths:3 | Identified the +1 robe "Exegixtyso" {-Tele Will+ MP+9
                  | Stlth+}
 50904 | Depths:3 | HP: 3/174 [living spell/divine providence[a walking divine
                  | tome] (11)]
 50904 | Depths:3 | Killed from afar by a living spell

Illustrated notes

Levels and vault maps discovered:
D:1:      nzn_arrival_settlement, layout_loops_ring, kennysheep_another_room,
          minmay_heptomino_o4
D:2:      layout_rooms
D:3:      layout_loops_corners, brannock_xom_greatest_gift,
          ebering_ecumenical_altar_petrified, serial_park_tiny_2,
          kennysheep_generic_room_6
D:4:      layout_basic
D:5:      layout_cave_pools, temple_fountains, portal_sewer_entry_f
D:6:      layout_basic, gammafunk_ghost_split,
          nicolae_shop_i_like_small_books_too, abandoned_shop, minmay_bent
D:7:      layout_cave_pools, gammafunk_temple_overflow_statue, the_hattery,
          uniq_menkaure
D:8:      layout_loops_cross, mainiacjoe_overflow_catwalk_spiral
D:9:      layout_basic, enter_bailey_1
D:10:     minmay_sliced_demisemicircle, layout_small_grid,
          chequers_decorated_corner, chequers_jeans, lightli_wizard_tower,
          uniq_joseph
D:11:     layout_roguey, dpeg_oklobed_lair
D:12:     layout_basic, zombieorc2_lemuel
D:13:     layout_cave_pods, david_vaults_1, nicolae_ru_awakened_eye
D:14:     layout_long_grid, nicolae_vehumet_radiance
D:15:     hangedman_depths_entry_try_elsewhere_first, layout_basic
Lair:1:   layout_regular_city, ebering_ghost_reflecting_pool
Lair:2:   layout_chaotic_city, shoals_dummy_entry, guppyfry_snake_entry_island,
          wad_woods_road_04, grunt_megastairs_3
Lair:3:   layout_misc_corridors, worms_lemuel, uniq_snorg
Lair:4:   layout_cave_pods, minmay_slime_entry_oklob_enclosed, enter_volcano_3,
          hellmonk_ghost_happy_afterlife
Lair:5:   due_jungle_book, layout_regular_city, portal_ice_cave_entry_pillars_1
Shoals:1: nicolae_shoals_deep_elves_summer_vacation, layout_shoals, uniq_roxanne
Shoals:2: layout_shoals
Shoals:3: layout_shoals, serial_shops, nicolae_shop_mannequins,
          nicolae_shoals_undead_eyrie, uniq_polyphemus
Shoals:4: shoals_end_hangedman, layout_shoals, uniq_kirke
Snake:1:  layout_layer_cave
Snake:2:  layout_chambers, serial_shops, shop, shop,
          nicolae_snake_salamander_stairs, uniq_mlioglotl, uniq_frances
Snake:3:  layout_gridlike, serial_shops, shop, shop
Snake:4:  johnstein_snake_rune_scales, layout_cave_town, grunt_megastairs_4,
          uniq_vashnia, uniq_aizul
Orc:1:    cheibrodos_orc_bank, layout_diamond_mine, nicolae_orc_sculptors_studio
Orc:2:    st_orc_town, layout_caves, basic_altar, serial_shops, shop
Vaults:1: v_misc_17, v_misc_9, nicolae_vaults_network_s,
          nicolae_vaults_double_plus_3, nicolae_vaults_taking_the_gang_shopping,
          vaults_room_octagon, nicolae_vaults_heart-shaped_vault,
          nicolae_vaults_offset_grid_hallway_3, nicolae_vaults_oozy_zoo,
          v_rooms_6, nicolae_vaults_alarming, v_misc_25,
          nicolae_vaults_tetromino_Z_2, vaults_room_door_ring,
          vaults_dpeg_hooks, layout_vaults_maze_bifur
Vaults:2: nicolae_vaults_mini_display_case, nicolae_vaults_trapezoid_2,
          nicolae_vaults_shrinking_rooms_2, ontoclasm_vaults_decontamination,
          vaults_mumra_chevron_long, nicolae_vaults_double_plus_3,
          nicolae_vaults_cochlea, v_alt_pattern_3,
          nicolae_vaults_trapezoid_lopsided_3, nicolae_vaults_little_squares_3,
          nicolae_vaults_trapezoid_lopsided_3, layout_vaults_chaotic_city,
          uniq_zenata
Vaults:3: ontoclasm_vaults_hangar, nicolae_vaults_apartment_1,
          nicolae_vaults_meiosis, ontoclasm_vaults_claustrophobia,
          ontoclasm_vaults_loading_screen, nicolae_vaults_offset_grid_hallway_4,
          nicolae_vaults_little_squares_3, nicolae_vaults_rhombus_5,
          vaults_dpeg_ring, nicolae_vaults_sealed_display,
          layout_vaults_omnigrid, serial_shops, nicolae_shop_just_a_little_nook,
          shop, nicolae_shop_statue_plus, shop, uniq_frederick
Vaults:4: gammafunk_ghost_cemetery, hangedman_vaults_unwind,
          nicolae_vaults_closet_pinwheel_5, nicolae_vaults_big_ls,
          nicolae_vaults_closet_pinwheel_2, hangedman_vaults_nodes, v_misc_29,
          vaults_dpeg_doors, nicolae_vaults_house_1, nicolae_vaults_diamond_1,
          v_misc_16, layout_vaults_ring
Depths:1: layout_basic, enter_ziggurat_e,
          hellmonk_okawaru_the_only_friend_you_need, mu_enter_wizlab_6,
          grunt_metal_band, abyss_entry, kennysheep_path_1,
          nicolae_dithmenos_the_darkroom, uniq_bai_suzhen
Depths:2: hangedman_box_tower, layout_cave_shapes, hell_entry,
          rand_demon_pan_entry_3, serial_bayou_pond_e, dk_noncrumbling_4,
          uniq_nikola
Depths:3: minmay_octagon_city, layout_gridlike, hell_entry, abyss_entry,
          elyvilon_altar_4, minmay_shoptagon, infiniplex_staircase_pool_1

Skill      XL: |  1  2  3  4  5  6  7  8  9 10 11 12 13 14 15 16 17 18 19 20 21 22 |
---------------+-------------------------------------------------------------------+-----
Axes           | 3 4 5 7 9 11 13 15 17 18 | 18.0
Unarmed Combat | 1 |  1.0
Fighting       | 4 5 7 9 10 14 15 | 15.9
Shields        | 4 5 6 9 11 14 16 18 20 21 | 21.0
Necromancy     | 1 2 3 4 5 7 8 9 10 11 13 14 15 16 17 18 | 18.7
Armour         | 4 5 7 9 11 12 13 15 16 17 18 19 20 21 | 21.0
Evocations     | 6 8 9 |  9.0
Dodging        | 5 |  5.0
Spellcasting   | 2 4 |  4.0
Translocations | 3 5 |  5.9

Action                     |  1- 3 |  4- 6 |  7- 9 | 10-12 | 13-15 | 16-18 | 19-21 | 22-24 || total
---------------------------+-------+-------+-------+-------+-------+-------+-------+-------++-------
  Melee: War axe           |   104 |   136 |   343 |   757 |    95 |    21 |       |       ||  1456
         Broad axe         |       |       |       |       |  1217 |  1212 |  1348 |   137 ||  3914
         Whip              |       |       |       |       |    39 |       |       |       ||    39
   Fire: Sling             |     3 |       |     2 |       |       |       |       |       ||     5
         Hand crossbow     |       |       |       |       |     5 |       |       |       ||     5
  Throw: Dart              |       |     3 |       |    11 |     5 |     1 |     5 |       ||    25
         Throwing net      |       |       |       |     8 |     1 |     1 |     1 |       ||    11
         Javelin           |       |       |       |       |       |    13 |    10 |       ||    23
 Invoke: Brand Weapon With |       |       |       |       |     1 |       |       |       ||     1
         Torment           |       |       |       |       |       |       |     2 |       ||     2
  Evoke: Wand              |       |     2 |       |     9 |     3 |    15 |     6 |     1 ||    36
         Lightning rod     |       |       |       |       |       |       |     1 |       ||     1
    Use: Scroll            |     2 |       |     9 |    11 |    24 |     1 |    14 |     1 ||    62
         Potion            |       |       |       |     6 |     4 |       |    10 |       ||    20
   Stab: Held in net/web   |       |       |       |     5 |     3 |     1 |       |       ||     9
         Paralysed         |       |       |       |     2 |       |       |       |       ||     2
         Invisible         |       |       |       |       |     2 |       |       |       ||     2
         Distracted        |       |       |       |       |       |     1 |       |       ||     1
 Armour: Scale mail        |    64 |     6 |       |       |       |       |       |       ||    70
         Crystal plate arm |       |   108 |   307 |   741 |   866 |   416 |   506 |    55 ||  2999
         Skin              |       |       |       |     1 |       |       |       |       ||     1
  Dodge: Dodged            |    45 |    55 |    69 |   176 |   270 |   115 |   160 |    20 ||   910
  Block: Buckler           |    15 |    42 |    90 |   195 |   259 |       |       |       ||   601
         Tower shield      |       |       |       |       |   198 |  1713 |  1592 |   142 ||  3645
         Reflection        |       |       |       |       |       |   227 |    49 |       ||   276
